 Dungeon Crawl Stone Soup version 0.29-a0-330-g52719c12eb (webtiles) character file.

Game seed: 9022550218806383904

6300 kae the Fighter (level 10, -5/93 HPs)
             Began as a Demigod Fire Elementalist on Apr 19, 2022.
             Slain by a lemure (7 damage)
             ... led by Pikel
             ... on level 8 of the Dungeon.
             The game lasted 00:09:49 (14938 turns).

kae the Fighter (Demigod Fire Elementalist)        Turns: 14938, Time: 00:09:49

Health: -5/93      AC:  3    Str:  9    XL:     10   Next: 37%
Magic:  0/21       EV: 12    Int: 29    God:
Gold:   542        SH:  0    Dex: 14    Spells: 6/19 levels left

rFire   + . .      SeeInvis .   n - staff of conjuration
rCold   . . .      Faith    .   (no shield)
rNeg    . . .      Spirit   +   a - +0 robe
rPois   .          Reflect  .   (no helmet)
rElec   .          Harm     .   (no cloak)
rCorr   .          Rampage  .   g - +0 pair of gloves
Will    +....                   (no boots)
Stlth   ++........              e - amulet of guardian spirit
HPRegen 0.25/turn               i - ring of protection from fire
MPRegen 0.17/turn               (no ring)

@: no status effects
A: high MP 1, forlorn, divine attributes
a: no special abilities


You were on level 8 of the Dungeon.
You visited 1 branch of the dungeon, and saw 9 of its levels.

You collected 590 gold pieces.
You spent 48 gold pieces at shops.

Inventory:

Hand Weapons
 f - a +1 whip
 A - the +6 spear of Domner {drain, rElec Will+}
   (You found it on level 8 of the Dungeon)

   A truly terrible weapon, it drains the life of any living foe it strikes.
   rElec:     It insulates you from electricity.
   Will:      It increases your willpower.
Armour
 a - a +0 robe (worn)
 g - a +0 pair of gloves (worn)
Magical Staves
 n - a staff of conjuration (weapon)
Jewellery
 e - an amulet of guardian spirit (around neck)
 i - a ring of protection from fire (left hand)
 y - a ring of magical power
Wands
 k - a wand of acid (6)
 o - a wand of iceblast (27)
 q - a wand of flame (13)
 t - a wand of polymorph (5)
 v - a wand of mindburst (18)
Scrolls
 d - 3 scrolls of amnesia
 h - 5 scrolls of identify
 j - 2 scrolls of torment
 p - a scroll of summoning
 u - a scroll of blinking
 w - 2 scrolls of teleportation
 x - a scroll of enchant weapon
 z - a scroll of magic mapping
Potions
 b - 2 potions of magic
 c - 4 potions of ambrosia
 l - 2 potions of cancellation
 m - 3 potions of curing
 r - 2 potions of heal wounds
 s - 2 potions of mutation


   Skills:
 + Level 10.0 Fighting
 - Level 1.7 Dodging
 - Level 1.7 Stealth
 - Level 5.2 Spellcasting
 - Level 5.4 Conjurations
 - Level 8.3 Fire Magic


You had 6 spell levels left.
You knew the following spells:

 Your Spells              Type           Power      Damage    Failure   Level
a - Foxfire               Conj/Fire      100%       2x1d9     1%          1
b - Scorch                Fire           100%       2d10      1%          2
c - Conjure Flame         Conj/Fire      63%        6-21      1%          3
d - Inner Flame           Hex/Fire       31%        N/A       3%          3
e - Flame Wave            Conj/Fire      63%        2d12      3%          4

Your spell library contained the following spells:

 Spells                   Type           Power      Damage    Failure   Level
 Static Discharge         Conj/Air       35%        N/A       3%          2
 Sticky Flame             Conj/Fire      63%        2d8       3%          4
 Animate Skeleton         Necr           14%        N/A       6%          1
 Pain                     Necr           28%        1d5       6%          1
 Sublimation of Blood     Necr           7%         N/A       10%         2
 Wereblood                Tmut           7%         N/A       10%         2
 Vampiric Draining        Necr           7%         2d6       19%         3
 Cause Fear               Hex            3%         N/A       52%         4
 Dispel Undead            Necr           7%         3d8       52%         4
 Summon Forest            Summ/Tloc      3%         N/A       86%         5
 Summon Mana Viper        Hex/Summ       7%         N/A       86%         5
 Summon Cactus Giant      Summ           3%         N/A       100%        6
 Dragon Form              Tmut           3%         N/A       100%        7
 Summon Hydra             Summ           3%         N/A       100%        7
 Dragon's Call            Summ           3%         N/A       100%        9


Dungeon Overview and Level Annotations

Branches:
Dungeon (9/15)             Temple (0/1) D:7            Lair (0/6) D:9
    Orc (0/2) D:9

Shops:
D:1 (   D:6 *   D:7 *   D:9 [

Annotations:
D:4 2 runed translucent doors, jmlagarto's ghost, novice GnCA
D:5 1 runed translucent door, Crazy Yiuf
D:9 exclusion: catoblepas, Pikel


Innate Abilities, Weirdness & Mutations

You have an increased reservoir of magic. (+10% MP)
You shall have no god before yourself.
Your divine heritage dramatically boosts your attributes as you level up.


Message History

The lemure barely misses you. The lemure hits you.
* * * LOW HITPOINT WARNING * * *
You closely miss the lemure.
The lemure is heavily wounded.
The lemure barely misses you.
Casting: Scorch (safe; 1% risk of failure)
Confirm with . or Enter, or press ? or * to list all spells.
You don't know that spell.
Casting: Scorch (safe; 1% risk of failure)
Confirm with . or Enter, or press ? or * to list all spells.
Flames lash the lemure.
The lemure is severely wounded.
The lemure's fire resistance burns away.
The lemure hits you!
* * * LOW HITPOINT WARNING * * *
The lemure closely misses you.
Casting: Scorch (safe; 1% risk of failure)
Confirm with . or Enter, or press ? or * to list all spells.
You don't have enough magic to cast this spell.
Casting: Scorch (safe; 1% risk of failure)
Confirm with . or Enter, or press ? or * to list all spells.
You don't have enough magic to cast this spell.
You hit the lemure.
The lemure is severely wounded.
The lemure barely misses you.
Casting: Scorch (safe; 1% risk of failure)
Confirm with . or Enter, or press ? or * to list all spells.
You feel a surge of power!
You conjure some foxfire!
The lemure is no longer more vulnerable to fire.
The lemure barely misses you.
The foxfire hits the lemure but does no damage.
The lemure is severely wounded.
The foxfire hits the lemure.
The lemure is almost dead.
The lemure hits you!
* * * LOW HITPOINT WARNING * * *
You hit the lemure but do no damage.
The lemure is almost dead.
The lemure hits you!
You die...

<..# #..# ##..## ##...
...###..# ##..##
##.... ....##..# #..##
##..... ........#
##..# #...##.
........# ##..##
##.##### ........#
#...# #..# # .....####
##...# #.## ..####
#.§§.# #.# ..# ##.@.##
#.## ..# ###5.## #..#
..## ##..## #..#
...##########
##..#####..# #
...)...)....##
##...##...## ##
#.†)...).....##
##........###.
###########...#
##..........) ##..###
##...........
##...#####....########


You could see a lemure.

Vanquished Creatures
  A troll (D:7)
  Prince Ribbit (D:7)
  Sigmund (D:3)
  A wraith (D:9)
  5 yaks
  A wyvern (D:9)
  Eustachio (D:5)
  A steam dragon (D:5)
  A water moccasin (D:8)
  A sky beast (D:8)
  4 orc warriors
  2 ice beasts (D:7)
  4 black bears
  An ogre (D:5)
  2 centaurs
  3 lemures
  A gnoll sergeant (D:7)
  5 bullfrogs
  4 necrophages
  Blork the orc (D:4)
  3 scorpions
  12 wights (D:8)
  6 killer bees (D:8)
  2 howler monkeys (D:7)
  4 hounds
  3 orc priests
  2 gnoll shamans
  11 jellies
  2 iguanas
  Terence (D:3)
  6 orc wizards
  12 gnolls
  8 adders
  A white imp (D:6)
  2 ufetubi (D:5)
  3 worms
  A dart slug (D:3)
  14 orcs
  2 ball pythons
  9 endoplasms
  A giant cockroach (D:4)
  9 goblins
  3 hobgoblins
  8 jackals
  4 kobolds
  5 quokkas
  6 bats
  3 frilled lizards
  7 rats
191 creatures vanquished.

Vanquished Creatures (others)
  A kobold brigand (D:9)
  An orc (D:9)
  566 foxfires
568 creatures vanquished.

Grand Total: 759 creatures vanquished

Notes
Turn   | Place    | Note
-------+----------+-------------------------------------------
     0 | D:1      | kae the Demigod Fire Elementalist began the quest for the
                  | Orb.
     0 | D:1      | Reached XP level 1. HP: 14/14 MP: 5/5
    18 | D:1      | Reached skill level 1 in Conjurations
   312 | D:1      | Reached XP level 2. HP: 4/20 MP: 0/7
   661 | D:1      | Found Wikh's Weapon Emporium.
  1099 | D:1      | Learned a level 2 spell: Scorch
  1699 | D:1      | Reached XP level 3. HP: 8/26 MP: 0/8
  3512 | D:2      | Reached XP level 4. HP: 33/33 MP: 4/10
  3888 | D:3      | Noticed Sigmund
  3896 | D:3      | Killed Sigmund
  3897 | D:3      | Reached XP level 5. HP: 38/38 MP: 5/12
  3969 | D:3      | Learned a level 3 spell: Conjure Flame
  3973 | D:3      | Learned a level 3 spell: Inner Flame
  4782 | D:3      | Noticed Terence
  4817 | D:3      | Killed Terence
  4818 | D:3      | Reached XP level 6. HP: 45/45 MP: 0/13
  5063 | D:4      | Reached skill level 5 in Fire Magic
  5493 | D:4      | Identified the -1 pair of boots of the Snail {+Inv rN+
                  | Str+4 Int-2}
  5525 | D:4      | Found a large runed translucent door.
  5526 | D:4      | Found a large runed translucent door.
  5557 | D:4      | Noticed jmlagarto's ghost (novice GnCA)
  5756 | D:4      | Noticed Blork the orc
  5762 | D:4      | Killed Blork the orc
  6136 | D:5      | Entered Level 5 of the Dungeon
  6190 | D:5      | Noticed a steam dragon
  6269 | D:5      | Reached XP level 7. HP: 50/50 MP: 12/15
  6537 | D:5      | Killed a steam dragon
  6783 | D:5      | Noticed Eustachio
  7264 | D:5      | Learned a level 4 spell: Flame Wave
  7385 | D:5      | Found a runed translucent door.
  7386 | D:5      | Noticed Crazy Yiuf
  7518 | D:5      | Reached XP level 8. HP: 30/57 MP: 6/18
  8579 | D:5      | Killed Eustachio
  9009 | D:6      | Reached skill level 5 in Conjurations
  9101 | D:6      | Found Gozxao's General Store.
  9132 | D:6      | Bought 2 scrolls of identify for 48 gold pieces
  9157 | D:6      | Reached skill level 5 in Spellcasting
  9792 | D:7      | Reached skill level 1 in Fighting
 10129 | D:7      | Reached skill level 2 in Fighting
 10248 | D:7      | Reached XP level 9. HP: 68/68 MP: 17/20
 10285 | D:7      | Found a staircase to the Ecumenical Temple.
 10315 | D:7      | Reached skill level 3 in Fighting
 10371 | D:7      | Noticed Prince Ribbit
 10383 | D:7      | Killed Prince Ribbit
 10384 | D:7      | Reached skill level 4 in Fighting
 10438 | D:7      | Reached skill level 5 in Fighting
 10689 | D:7      | Found Vyotehu's Assorted Antiques.
 10980 | D:7      | Noticed a gargoyle
 11356 | D:7      | Reached skill level 6 in Fighting
 11919 | D:7      | Reached skill level 7 in Fighting
 12629 | D:8      | Identified the +6 spear of Domner {drain, rElec Will+}
 12651 | D:8      | Reached skill level 8 in Fighting
 12754 | D:8      | Reached XP level 10. HP: 88/88 MP: 15/21
 13679 | D:8      | Reached skill level 9 in Fighting
 14354 | D:9      | Noticed a catoblepas
 14354 | D:9      | Noticed Pikel
 14515 | D:9      | Found a staircase to the Lair.
 14524 | D:9      | Noticed a two-headed ogre
 14548 | D:9      | HP: 3/93 [poisoned by a kobold brigand (curare-tipped
                  | dart)]
 14903 | D:9      | Found Canko's Armour Boutique.
 14903 | D:9      | Found a staircase to the Orcish Mines.
 14911 | D:9      | Noticed a sixfirhy
 14912 | D:9      | Reached skill level 10 in Fighting
 14937 | D:8      | HP: 2/93 [lemure[Pikel] (7)]
 14938 | D:8      | Slain by a lemure

Illustrated notes

Levels and vault maps discovered:
D:1:      ncdulo_lavacross, layout_basic, serial_shops,
          nicolae_shop_bloodbath_and_beyond
D:2:      layout_basic
D:3:      layout_rooms, hellmonk_ecumenical_altar_crossroads, uniq_terence,
          uniq_sigmund
D:4:      layout_basic, ebering_ghost_disaster_area,
          cheibrodos_sewer_entry_bend, uniq_blork_the_orc
D:5:      layout_loops_cross, old_standard_altar, uniq_crazy_yiuf_cottage,
          uniq_eustachio
D:6:      layout_rooms, serial_shops,
          nicolae_shop_temple_entry_statues_fountains
D:7:      layout_gridville, minmay_temple_entry_purple_smoke, serial_shops,
          nicolae_shop_behind_doors, minmay_small_thing, uniq_prince_ribbit1
D:8:      layout_layer_cave, jiyva_altar_1
D:9:      minmay_the_grid_3x3 [minmay_the_grid_tree, minmay_the_grid_gridbox,
          minmay_the_grid_spin_star, minmay_the_grid_large_cup,
          minmay_the_grid_eight, minmay_the_grid_stretched_grid,
          minmay_the_grid_tiny_cups, minmay_the_grid_plusring,
          minmay_the_grid_prize_big_room], layout_rooms, orc_david_3,
          serial_aquarium, aquarium_bridge_square [aquarium_subvault_window,
          aquarium_subvault_bridge, aquarium_subvault_wall,
          aquarium_subvault_wall], aquarium_window_1, aquarium_window_3,
          aquarium_window_2, aquarium_window_fake, aquarium_view_2d,
          aquarium_balcony_double_4, dreamdust_gnoll_shepherd, uniq_pikel

Skill      XL: |  1  2  3  4  5  6  7  8  9 10 |
---------------+-------------------------------+-----
Conjurations   | 1 2 3 4 5 |  5.4
Fire Magic     | 3 4 5 6 8 |  8.3
Spellcasting   | 2 3 4 5 |  5.2
Fighting       | 2 8 10 | 10.0
Dodging        | |  1.7
Stealth        | |  1.7

Action                   |  1- 3 |  4- 6 |  7- 9 | 10-12 || total
-------------------------+-------+-------+-------+-------++-------
Melee: Unarmed           |    27 |       |       |       ||    27
       Staff             |       |       |    11 |    28 ||    39
       Punch             |       |       |       |     1 ||     1
 Cast: Foxfire           |    75 |    75 |   161 |    32 ||   343
       Scorch            |    19 |     3 |    90 |    15 ||   127
       Conjure Flame     |       |     2 |     3 |       ||     5
       Flame Wave        |       |       |     3 |    11 ||    14
       Inner Flame       |       |       |     1 |     2 ||     3
  Use: Scroll            |     2 |     9 |     5 |       ||    16
       Potion            |       |       |       |     2 ||     2
 Stab: Petrified         |       |       |       |     1 ||     1
Armor: Robe              |    10 |     1 |    19 |     8 ||    38
Dodge: Dodged            |    41 |     9 |   113 |    70 ||   233

Table legend: (Time is in decaauts)
 A = Elapsed time spent in this place.
 B = Non-inter-level travel time spent in this place.
 C = Inter-level travel time spent in this place.
 D = Time resting spent in this place.
 E = Time spent auto-exploring this place.
 F = Levels seen in this place.
 G = Mean time per level.
                   A        B        C        D        E       F      G
               +--------+--------+--------+--------+--------+-----+--------+
         Total |  14979 |  14539 |    440 |   2802 |   9967 |   9 | 1664.3 |
       Dungeon |  14979 |  14539 |    440 |   2802 |   9967 |   9 | 1664.3 |
               +--------+--------+--------+--------+--------+-----+--------+

Top non-repeatable levels by time:
     D:1: 2631 daAuts
     D:8: 2513 daAuts
     D:7: 2124 daAuts
     D:5: 1944 daAuts
     D:4: 1757 daAuts
     D:2: 1514 daAuts
     D:6: 1180 daAuts
     D:3: 913 daAuts
     D:9: 398 daAuts
